 Dungeon Sprint DCSS version 0.30.1-4-g462c640d31 (webtiles) character file.

Game seed: 16687519364630409271

9609 Heoruswealwe the Ninja (level 11, 0/62 HPs)
             Began as a Spriggan Artificer on Sept 13, 2023.
             Was an Initiate of Gozag.
             Slain by a demonic crawler (6 damage)
             ... in the Dungeon (Sprint I: "Red Sonja").
             The game lasted 00:23:24 (970 turns).

Heoruswealwe the Ninja (Spriggan Artificer)          Turns: 970, Time: 00:23:24

Health: 0/62       AC:  3    Str: 11    XL:     11   Next: 25%
Magic:  12/12      EV: 34    Int: 16    God:    Gozag
Gold:   193        SH:  0    Dex: 21    Spells: 10/10 levels left

rFire   . . .        a - +9 rapier "Read" {venom, Str+3}
rCold   . . .        (no shield)
rNeg    . . .        c - +1 robe of Dasecesh {rCorr Int+4 Archmagi}
rPois   .            (helmet restricted)
rElec   .            (no cloak)
rCorr   +            (gloves unavailable)
SInv    +            (boots unavailable)
Will    +....        (no amulet)
Stlth   ++++++++++   (no ring)
HPRegen 0.30/turn    (no ring)
MPRegen 0.13/turn

%: no teleportation, archmagi
@: hasted, very quick
A: very small, no large weapons, unfitting armour, see invisible, speed 3
a: Renounce Religion, Potion Petition, Call Merchant, Bribe Branch


You were in the Dungeon.
You worshipped Gozag.
Gozag was aware of your devotion.
You visited 1 branch You collected 3284 gold pieces.
You spent 3058 gold pieces at shops.
You donated 33 gold pieces to Zin.

Inventory:

Hand Weapons
 a - the +9 rapier "Read" (weapon) {venom, Str+3}
   (You bought it in a shop in the Dungeon)

   Str:       It affects your strength (+3).
 b - a +0 rapier
Armour
 c - the +1 robe of Dasecesh (worn) {rCorr Int+4 Archmagi}
   (You bought it in a shop in the Dungeon)

   Int:       It affects your intelligence (+4).
   rCorr:     It protects you from acid and corrosion.
   Archmagi:  It increases the power of your magical spells.
 u - the +9 scales of the Dragon King {rPois rF+ rC+ Will+}
   (You bought it in a shop in the Dungeon)

   rF:        It protects you from fire.
   rC:        It protects you from cold.
   rPois:     It protects you from poison.
   Will:      It increases your willpower.
Wands
 d - a wand of charming (15)
 e - a wand of iceblast (6)
 m - a wand of flame (10) (quivered)
 p - a wand of mindburst (2)
Scrolls
 f - 3 scrolls of silence {unknown}
 i - 4 scrolls of identify {unknown}
 k - a scroll of blinking
 l - a scroll of vulnerability {unknown}
 s - a scroll of immolation {unknown}
 t - a scroll of magic mapping {unknown}
Potions
 h - 2 potions of haste
 j - 2 potions of curing
 n - a potion of attraction {unknown}
 o - a potion of mutation {unknown}
 q - a potion of might {unknown}
 r - a potion of ambrosia {unknown}


   Skills:
 + Level 9.6 Fighting
 + Level 12.2 Short Blades
 * Level 17.8 Dodging
 O Level 27 Stealth
 - Level 4.0 Evocations


You had 10 spell levels left.
You didn't know any spells.
Your spell library was empty.

Dungeon Overview and Level Annotations

Branches:
Dungeon (1/1)

Altars:
Cheibriados
Dithmenos
Elyvilon
Fedhas
Gozag
Hepliaklqana
Kikubaaqudgha
Makhleb
Nemelex Xobeh
Okawaru
Qazlal
Ru
Sif Muna
Trog
Uskayaw
Vehumet
Wu Jian
Xom
Yredelemnul
Zin
The Shining One
Jiyva
Lugonu

Shops:
D =?[!(?(*[*?(=:=[:(:[!


Innate Abilities, Weirdness & Mutations

You are very small and have problems with some larger weapons.
You are too small for most types of armour.
You have supernaturally acute eyesight. (SInv)
You cover ground extremely quickly. (Speed+++)


Message History

The demonic crawler completely misses you.
You hit the demonic crawler but do no damage.
The demonic crawler is moderately wounded.
The demonic crawler misses you. The demonic crawler hits you.
The demonic crawler completely misses you.
You hit the demonic crawler but do no damage.
Your punch misses the demonic crawler.
The demonic crawler is moderately wounded.
The demonic crawler hits you.
The demonic crawler completely misses you.
The demonic crawler hits you but does no damage.
You puncture the demonic crawler!
The demonic crawler is moderately wounded.
The demonic crawler hits you! The demonic crawler misses you.
The demonic crawler closely misses you.
You hit the demonic crawler.
The demonic crawler is moderately wounded.
You hit the demonic crawler.
The demonic crawler is moderately wounded.
The demonic crawler hits you. The demonic crawler barely misses you.
The demonic crawler completely misses you.
You puncture the demonic crawler!
The demonic crawler is moderately wounded.
The demonic crawler completely misses you.
The demonic crawler hits you!
* * * LOW HITPOINT WARNING * * *
The demonic crawler closely misses you.
You hit the demonic crawler.
The demonic crawler is poisoned.
The demonic crawler is moderately wounded.
The demonic crawler hits you but does no damage.
The demonic crawler completely misses you. x2
You puncture the demonic crawler!
The demonic crawler is heavily wounded.
The demonic crawler completely misses you. x3
You feel better. The demonic crawler hits you!
* * * LOW HITPOINT WARNING * * *
The demonic crawler closely misses you. The demonic crawler barely misses you.
You feel yourself speed up. The demonic crawler hits you.
You die...
Your body crumbles into a pile of gold.

##########################
#<.#..)..#..'..#__#.s'...# $ $
#..').#.)'..#..'..'..#.).##+#$
#..#####'#####s#__####)..'$.#$
#..####..#...#s####..#####$.+$
#..#__####..##@#~~§§§#..##+##
#..#_____##'#_.+~~§§§+..#
#⌠⌠#_.∩...'..._#~~~§§#..#
####_..__##_.#'##+#####'###
$$#_____###'#.#...[###.+.#
############.####'###.###.#
#∩........'...'.....')∩##§#
###''''####.).###########§# $
#.......####.###.......##.# $
$


You could see 2 demonic crawlers.

Vanquished Creatures
  2 centaur warriors (D)
  Sonja (D)
  A deep troll (D)
  An oklob plant (D)
  8 shining eyes (D)
  2 demonic crawlers (D)
  2 unseen horrors (D)
  2 kobold demonologists (D)
  A hornet (D)
  Sigmund (D)
  A slime creature (D)
  A yak (D)
  2 redbacks (D)
  6 floating eyes (D)
  An ogre (D)
  7 necrophages (D)
  8 jellies (D)
  Ijyb (D)
  A ballistomycete spore (D)
49 creatures vanquished.

Vanquished Creatures (others)
  A ballistomycete spore (D)
1 creature vanquished.

Grand Total: 50 creatures vanquished

Notes
Turn   | Place    | Note
-------+----------+-------------------------------------------
     0 | D        | Heoruswealwe the Spriggan Artificer began the quest for the
                  | Orb.
     0 | D        | Reached XP level 1. HP: 9/9 MP: 2/2
     1 | D        | Noticed Ijyb
     2 | D        | Killed Ijyb
     3 | D        | Reached skill level 9 in Stealth
     3 | D        | Reached XP level 2. HP: 14/14 MP: 3/3
    12 | D        | Noticed an ogre
    15 | D        | Killed an ogre
    16 | D        | Reached skill level 13 in Stealth
    16 | D        | Reached XP level 3. HP: 17/17 MP: 4/4
    16 | D        | Reached XP level 4. HP: 21/21 MP: 5/5
    24 | D        | Noticed Sigmund
    33 | D        | Killed Sigmund
    34 | D        | Reached skill level 18 in Stealth
    34 | D        | Reached XP level 5. HP: 25/25 MP: 6/6
    34 | D        | Reached XP level 6. HP: 29/29 MP: 7/7
    51 | D        | Found an ornate altar of the Wu Jian Council.
    51 | D        | Found a shimmering blue altar of Sif Muna.
    53 | D        | Found a radiant altar of Vehumet.
    58 | D        | Reached skill level 19 in Stealth
    87 | D        | Found Atzu's Distillery.
    87 | D        | Found an ancient bone altar of Kikubaaqudgha.
    87 | D        | Found a hazy altar of Hepliaklqana.
    87 | D        | Found a stormy altar of Qazlal.
    87 | D        | Found a hide-covered altar of Uskayaw.
    87 | D        | Found a blossoming altar of Fedhas.
    87 | D        | Found a bloodstained altar of Trog.
    87 | D        | Found an iron altar of Okawaru.
    87 | D        | Found a basalt altar of Yredelemnul.
    87 | D        | Found a glowing golden altar of the Shining One.
    87 | D        | Found a snail-covered altar of Cheibriados.
    87 | D        | Found a sacrificial altar of Ru.
    87 | D        | Found a glowing silver altar of Zin.
    87 | D        | Found a shadowy altar of Dithmenos.
    87 | D        | Found a white marble altar of Elyvilon.
    87 | D        | Noticed a yak
    88 | D        | Found an opulent altar of Gozag.
    89 | D        | Killed a yak
    90 | D        | Reached skill level 21 in Stealth
    90 | D        | Found a sparkling altar of Nemelex Xobeh.
    95 | D        | Became a worshipper of Zin the Law-Giver
    95 | D        | Reached * piety under Zin
    95 | D        | Reached ** piety under Zin
    95 | D        | Reached *** piety under Zin
    95 | D        | Reached **** piety under Zin
    95 | D        | Reached ***** piety under Zin
    95 | D        | Reached ****** piety under Zin
   103 | D        | Noticed Sonja
   107 | D        | Killed Sonja
   108 | D        | Reached skill level 25 in Stealth
   108 | D        | Reached XP level 7. HP: 32/32 MP: 8/8
   122 | D        | Found Vosh's Jewellery Boutique.
   133 | D        | Noticed a shining eye
   133 | D        | Noticed a shining eye
   133 | D        | Noticed a shining eye
   133 | D        | Noticed a shining eye
   133 | D        | Noticed a shining eye
   133 | D        | Noticed a shining eye
   136 | D        | Reached skill level 1 in Fighting
   136 | D        | Reached skill level 1 in Short Blades
   136 | D        | Reached XP level 8. HP: 37/37 MP: 9/9
   136 | D        | Noticed a shining eye
   136 | D        | Noticed a shining eye
   138 | D        | Paralysed by a floating eye for 2 turns
   141 | D        | Killed a shining eye
   148 | D        | Paralysed by a floating eye for 4 turns
   156 | D        | Killed a shining eye
   157 | D        | Reached skill level 5 in Short Blades
   157 | D        | Reached skill level 26 in Stealth
   157 | D        | Reached XP level 9. HP: 46/46 MP: 10/10
   158 | D        | Paralysed by a floating eye for 3 turns
   177 | D        | Killed a shining eye
   178 | D        | Reached skill level 5 in Fighting
   189 | D        | Killed a shining eye
   209 | D        | Killed a shining eye
   210 | D        | Reached skill level 10 in Dodging
   227 | D        | Killed a shining eye
   228 | D        | Reached skill level 27 in Stealth
   235 | D        | Killed a shining eye
   236 | D        | Reached XP level 10. HP: 53/53 MP: 11/11
   245 | D        | Killed a shining eye
   265 | D        | Fell from the grace of Zin
   265 | D        | Became a worshipper of Gozag Ym Sagoz the Greedy
   273 | D        | Noticed a deep troll
   277 | D        | Killed a deep troll
   288 | D        | Found Zytwoahi's Armour Emporium.
   365 | D        | Found Tavul's Magic Scroll Shoppe.
   365 | D        | Found Keczo's Weapon Shop.
   365 | D        | Found Jeomor's Antique Armour Emporium.
   365 | D        | Found Reugon's Magic Scroll Boutique.
   371 | D        | Bought a faintly glowing robe for 102 gold pieces
   371 | D        | Identified the +1 robe of Dasecesh {rCorr Int+4 Archmagi}
                  | (You bought it in a shop in the Dungeon)
   418 | D        | Found a burning altar of Makhleb.
   418 | D        | Found a viscous altar of Jiyva.
   418 | D        | Found a shimmering altar of Xom.
   418 | D        | Found a corrupted altar of Lugonu.
   466 | D        | Bought a +0 rapier for 48 gold pieces
   466 | D        | Bought the +9 rapier "Read" {venom, Str+3} for 757 gold
                  | pieces
   501 | D        | Noticed a centaur warrior
   502 | D        | Noticed a centaur warrior
   505 | D        | Killed a centaur warrior
   506 | D        | Reached skill level 10 in Short Blades
   507 | D        | Killed a centaur warrior
   532 | D        | Reached skill level 15 in Dodging
   544 | D        | Noticed an oklob plant
   546 | D        | Killed an oklob plant
   685 | D        | Reached XP level 11. HP: 62/62 MP: 12/12
   776 | D        | Found Juhyex's Assorted Antiques.
   776 | D        | Found Plog's Antique Weapon Shop.
   776 | D        | Found Ecum's Armour Boutique.
   782 | D        | Found Lolex's Antique Weapon Boutique.
   782 | D        | Found Cuafiume's Distillery.
   782 | D        | Found Vothof's Book Emporium.
   784 | D        | Found Kusuma's Book Boutique.
   784 | D        | Found Zuisif's Antique Armour Shoppe.
   784 | D        | Found Comaw's Jewellery Shop.
   784 | D        | Found Jodwa's Book Emporium.
   784 | D        | Found Holootrotou's Jewellery Boutique.
   784 | D        | Found Ronim's Weapon Shoppe.
   784 | D        | Found Tuvvig's Magic Scroll Shop.
   788 | D        | Found Hinow's Assorted Antiques.
   796 | D        | Bought a scroll labelled MAIXURAGOVIE for 22 gold pieces
   796 | D        | Bought a yellow potion for 19 gold pieces
   796 | D        | Bought a scroll labelled MAIXURAGOVIE for 22 gold pieces
   796 | D        | Bought a green potion for 19 gold pieces
   796 | D        | Bought a potion of curing for 66 gold pieces
   796 | D        | Bought a potion of haste for 220 gold pieces
   798 | D        | Bought a scroll labelled MAIXURAGOVIE for 22 gold pieces
   798 | D        | Bought a potion of haste for 220 gold pieces
   798 | D        | Bought a scroll labelled DOCOMU PEOCIF for 22 gold pieces
   798 | D        | Bought a scroll labelled SYMIRI PIOR for 22 gold pieces
   857 | D        | Bought the +9 scales of the Dragon King {rPois rF+ rC+
                  | Will+} for 1497 gold pieces
   857 | D        | Found the +9 scales of the Dragon King {rPois rF+ rC+
                  | Will+}
   970 | D        | Slain by a demonic crawler

Illustrated notes

Levels and vault maps discovered:
D:        dungeon_sprint_1 [red_sonja_temple_1, red_sonja_temple_small_1]

Skill      XL: |  1  2  3  4  5  6  7  8  9 10 11 |
---------------+----------------------------------+-----
Stealth        | 9 13 18 25 26 27 | 27.0
Fighting       | 1 4 6 9 |  9.6
Short Blades   | 1 5 8 11 12 | 12.2
Dodging        | 7 11 16 17 | 17.8
Evocations     | |  4.0

Action                     |  1- 3 |  4- 6 |  7- 9 | 10-12 || total
---------------------------+-------+-------+-------+-------++-------
  Melee: Dagger            |     1 |     3 |    81 |    13 ||    98
         Punch             |       |       |     2 |       ||     2
         Rapier            |       |       |       |    57 ||    57
  Evoke: Wand              |     1 |     3 |       |    16 ||    20
    Use: Potion            |       |     1 |       |     5 ||     6
   Stab: Sleeping          |     1 |     3 |     5 |    23 ||    32
 Armour: Robe              |       |       |       |     3 ||     3
  Dodge: Dodged            |       |       |       |    80 ||    80
